 Dungeon Crawl Stone Soup version 0.31-a0-339-gda1cbd555d (webtiles) character file.

Game seed: 16990484915878653556

201 lunkers the Insei (level 6, -3/47 HPs)
             Began as a Meteoran Shapeshifter on July 20, 2023.
             Was an Initiate of Gozag.
             Shot with an arrow by a centaur (10 damage)
             ... on level 5 of the Dungeon.
             The game lasted 00:05:40 (1191 turns).

lunkers the Insei (Meteoran Shapeshifter)           Turns: 1191, Time: 00:05:41

Health: -3/47      AC:  5    Str: 16    XL:     6   Next: 29%
Magic:  7/7        EV: 11    Int:  9    God:    Gozag
Gold:   397        SH:  0    Dex: 18    Spells: 5/5 levels left

rFire   . .          .
                       - Unarmed
rCold   . . .        (no shield)
rNeg    . . .        h - +0 ring mail
rPois   .            (helmet currently unavailable)
rElec   .            (cloak currently unavailable)
rCorr   .            (gloves currently unavailable)
SInv    .            (boots currently unavailable)
Will    .....        (no amulet)
Stlth   +            (no ring)
HPRegen 0.27/turn    (no ring)
MPRegen 0.10/turn

%: no passive effects
@: beast-form, gold aura, glowing
A: beast (slay +2), sense surroundings 1, otherworldly, glowing, explore regen
a: Begin Untransformation, Renounce Religion, Potion Petition, Call Merchant,
Bribe Branch


You were on level 5 of the Dungeon.
You worshipped Gozag.
Gozag was aware of your devotion.
You were a hulking beast.
You visited 1 branch of the dungeon, and saw 5 of its levels.

You collected 436 gold pieces.
You paid 39 gold pieces to Gozag.

Inventory:

Missiles
 d - 2 throwing nets
Armour
 a - a +2 cloak
 h - a +0 ring mail (worn)
Talismans
 c - a beast talisman
Wands
 k - a wand of paralysis (7)
Scrolls
 j - 2 scrolls of vulnerability
Potions
 b - a potion of lignification
 f - a potion of heal wounds
 g - a potion of ambrosia
 i - a potion of brilliance
 l - a potion of attraction


   Skills:
 - Level 1.1 Fighting
 - Level 2.4 Dodging
 + Level 7.6 Unarmed Combat
 - Level 3.6 Shapeshifting


You had 5 spell levels left.
You didn't know any spells.
Your spell library contained the following spells:

 Spells                   Type           Power      Damage    Failure   Level
 Scorch                   Fire           0%         2d5       75%         2
 Flame Wave               Conj/Fire      0%         2d4       100%        4
 Summon Cactus Giant      Summ           0%         N/A       100%        6


Dungeon Overview and Level Annotations

Branches:
Dungeon (5/15) Zot: 1826   Temple (0/1) D:4

Altars:
Dithmenos
Gozag
Vehumet


Innate Abilities, Weirdness & Mutations

You are a hulking beast.
Your limbs bulge with bestial killing power. (Slay +2)
You passively map a small area around you.
You are easily found by Zot.
You glow in the dark.
You regain HP and MP as you explore.


Message History

You see here a +0 short sword.
A quokka comes into view.
The quokka bites you.
You punch the quokka!
You kill the quokka!
No target in view!
No target in view!
No target in view!
No target in view!
No target in view!
No target in view!
No target in view!
You now have 397 gold pieces (gained 8).
(D) Dungeon (T) Temple
Where to? (? - help)
What level of the Dungeon? (default 1, ? - help)
You see here a +0 short sword.
There is a stone staircase leading down here.
You climb downwards.
The centaur shouts!
Found a runed ring mail and 5 gold pieces.
Found a stone staircase leading down.
There is a stone staircase leading up here.
There are monsters nearby!
There are monsters nearby!
The centaur wields a +0 shortbow.
The centaur shoots an arrow.
The arrow hits you!
You hit the ogre but do no damage.
The centaur shoots an arrow.
The arrow hits you.
You punch the ogre! x2
The ogre is almost dead.
The centaur shoots an arrow.
The arrow barely misses you.
The ogre hits you with a +0 giant club!!
Ouch! That really hurt!
* * * LOW HITPOINT WARNING * * *
You hit the ogre.
You kill the ogre!
The centaur shoots an arrow.
The arrow hits you!
You die...
Your body crumbles into a pile of gold.

## * * * #.,
, ,, ..##* ,
, *#..# #..#
#..# * *
#.$# * *
#>h# * ,,
#.<# * *
........#* ,
......... ,
##.[..#... ,
#.......$.,
,
#...##.####*
* #.c# #.# ,
, ##. #.# ,


You could see a centaur.

Vanquished Creatures
  An ogre (D:5)
  A jelly (D:4)
  Crazy Yiuf (D:2)
  3 gnolls (D:3)
  4 adders
  2 worms
  2 dart slugs
  6 orcs
  9 bats
  7 endoplasms
  3 giant cockroaches
  6 goblins
  3 hobgoblins
  4 jackals (D:3)
  A quokka (D:4)
  3 ball pythons
  2 frilled lizards (D:1)
  5 kobolds
  A rat (D:3)
64 creatures vanquished.

Notes
Turn   | Place    | Note
-------+----------+-------------------------------------------
     0 | D:1      | lunkers the Meteoran Shapeshifter began the quest for the
                  | Orb.
     0 | D:1      | Reached XP level 1. HP: 16/16 MP: 2/2
    16 | D:1      | Reached skill level 4 in Unarmed Combat
    20 | D:1      | Reached XP level 2. HP: 20/23 MP: 3/3
   201 | D:1      | Reached XP level 3. HP: 28/28 MP: 4/4
   312 | D:1      | Found a faded altar of an unknown god.
   334 | D:1      | Reached skill level 5 in Unarmed Combat
   341 | D:2      | Found an opulent altar of Gozag.
   364 | D:2      | Became a worshipper of Gozag Ym Sagoz the Greedy
   419 | D:2      | Reached XP level 4. HP: 5/35 MP: 5/5
   447 | D:2      | Found a runed translucent door.
   448 | D:2      | Noticed Crazy Yiuf
   520 | D:2      | Killed Crazy Yiuf
   521 | D:2      | Reached skill level 6 in Unarmed Combat
   683 | D:3      | Found a radiant altar of Vehumet.
   697 | D:3      | Reached XP level 5. HP: 38/40 MP: 6/6
   908 | D:4      | Reached skill level 7 in Unarmed Combat
   921 | D:4      | Found a staircase to the Ecumenical Temple.
   966 | D:4      | Reached XP level 6. HP: 28/47 MP: 7/7
  1037 | D:4      | Found a shadowy altar of Dithmenos.
  1187 | D:5      | Entered Level 5 of the Dungeon
  1187 | D:5      | Noticed a centaur
  1187 | D:5      | Noticed an ogre
  1191 | D:5      | Killed an ogre
  1191 | D:5      | Shot with an arrow by a centaur

Illustrated notes

Levels and vault maps discovered:
D:1:      roderic_octagonal_star, layout_rooms,
          dreamdust_ecumenical_altar_grove, minmay_heptomino_h4
D:2:      layout_basic, basic_altar, serial_bayou_lagoon_b,
          uniq_crazy_yiuf_cottage
D:3:      layout_loops_ring, mainiacjoe_overflow_catwalk,
          nicolae_overflow_hidden_temple, lexackson_kobold_supper
D:4:      layout_rooms, lemuel_doored_altar, kennysheep_little_box,
          minmay_temple_entry_slanted, fountainhead
D:5:      minmay_general_purpose_star, layout_rooms

Skill      XL: |  1  2  3  4  5 |
---------------+----------------+-----
Unarmed Combat | 4 5 6 7 |  7.6
Fighting       | |  1.1
Dodging        | |  2.4
Shapeshifting  | |  3.6

Action                     |  1- 3 |  4- 6 || total
---------------------------+-------+-------++-------
  Melee: Unarmed           |    68 |    91 ||   159
         Punch             |     3 |     2 ||     5
    Use: Scroll            |       |    14 ||    14
         Potion            |       |     1 ||     1
   Stab: Distracted        |       |     2 ||     2
 Armour: Animal skin       |    12 |       ||    12
         Ring mail         |     3 |    29 ||    32
         Skin              |       |     2 ||     2
  Dodge: Dodged            |    33 |    31 ||    64

Table legend: (Time is in decaauts)
 A = Elapsed time spent in this place.
 B = Non-inter-level travel time spent in this place.
 C = Inter-level travel time spent in this place.
 D = Time resting spent in this place.
 E = Time spent auto-exploring this place.
 F = Levels seen in this place.
 G = Mean time per level.
                   A        B        C        D        E       F      G
               +--------+--------+--------+--------+--------+-----+--------+
         Total |   1172 |   1128 |     44 |     15 |    601 |   5 |  234.4 |
       Dungeon |   1172 |   1128 |     44 |     15 |    601 |   5 |  234.4 |
               +--------+--------+--------+--------+--------+-----+--------+

Top non-repeatable levels by time:
     D:1: 336 daAuts
     D:2: 288 daAuts
     D:4: 280 daAuts
     D:3: 264 daAuts
     D:5: 3 daAuts
